 Dungeon Crawl Stone Soup version 0.23-a0-85-g22930c1 (webtiles) character file.

343901 Amnesiac the Spry (level 21, 0/177 HPs)
             Began as a Mummy Air Elementalist on Aug 14, 2018.
             Was the Champion of Dithmenos.
             Slain by Mennas
             ... wielding a +3 trishula of holy wrath
              (9 damage)
             ... on level 2 of the Vaults.
             The game lasted 03:02:51 (69623 turns).

Amnesiac the Spry (Mummy Air Elementalist)         Turns: 69623, Time: 03:02:52

Health: 0/177      AC: 24    Str: 18    XL:     21   Next: 44%
Magic:  9/42       EV: 21    Int: 37    God:    Dithmenos [******]
Gold:   1604       SH: 15    Dex: 13    Spells: 6/36 levels left

rFire    x . .     SeeInvis +   a - staff of air
rCold    + . .     Gourm    .   I - +2 shield {reflect}
rNeg     + + +     Faith    .   G - +9 ring mail "Gyiseigept" {Int+8 Slay-6}
rPois    ∞         Spirit   .   C - +0 helmet of Upruavil {Int+2}
rElec    +         Reflect  +   z - +2 cloak {+Inv}
rCorr    .         Harm     .   v - +2 pair of gloves {Str+3}
MR       +++..                  H - +2 pair of boots {run}
Stlth    ++........             u - amulet of the acrobat
HPRegen  0.39/turn              m - ring of the Illusory Souls {+Fly MP+9 Str+4 Int+3 Stlth+}
MPRegen  0.28/turn              s - ring "Gyosep" {Wiz rPois MR+ Slay+2 SInv}

@: sluggish, studying 2 skills, deflect missiles, very slow
A: no food or potions, fire vulnerability, cold resistance 1, negative energy
resistance 3, torment resistance, unbreathing, in touch with death 1
}: 1/15 runes: abyssal
a: Shadow Step, Shadow Form, Renounce Religion, Evoke Invisibility, Evoke Flight


You were on level 2 of the Vaults.
You worshipped Dithmenos.
Dithmenos was exalted by your worship.
You were not hungry.

You visited 5 branches of the dungeon, and saw 27 of its levels.
You visited the Abyss 1 time.
You also visited: Wizlab.

You collected 4655 gold pieces.
You spent 3051 gold pieces at shops.

Inventory:

Hand Weapons
 b - a +3 quick blade of draining
 q - a +6 blowgun
 w - a +3 quick blade of electrocution
Armour
 v - a +2 pair of gloves of strength (worn)
 z - a +2 cloak of invisibility (worn)
 C - the +0 helmet of Upruavil (worn) {Int+2}
   (You found it on level 2 of the Elven Halls)

   It affects your intelligence (+2).
 G - the +9 ring mail "Gyiseigept" (worn) {Int+8 Slay-6}
   (You found it in a wizard's laboratory)

   It affects your intelligence (+8).
   It affects your accuracy and damage with ranged weapons and melee attacks
   (-6).
 H - a +2 pair of boots of running (worn)
 I - a +2 shield of reflection (worn)
Magical Staves
 a - an uncursed staff of air (weapon)
Jewellery
 k - an uncursed ring of flight
 l - an uncursed ring of protection from fire
 m - the ring of the Illusory Souls (left hand) {+Fly MP+9 Str+4 Int+3 Stlth+}
   (You found it on level 3 of the Elven Halls)

   [ring of magical power]

   It affects your strength (+4).
   It affects your intelligence (+3).
   It affects your magic capacity (+9).
   It lets you fly.
   It makes you more stealthy.
 p - an uncursed amulet of harm {unknown}
 s - the ring "Gyosep" (right hand) {Wiz rPois MR+ Slay+2 SInv}
   (You took it off a centaur on level 9 of the Dungeon)

   [ring of wizardry]

   It improves your spell success rate.
   It affects your accuracy and damage with ranged weapons and melee attacks
   (+2).
   It protects you from poison.
   It affects your resistance to hostile enchantments.
   It lets you see invisible.
 u - an amulet of the acrobat (around neck)
 x - an uncursed ring of resist corrosion
 D - an uncursed ring of fire
Wands
 f - a wand of random effects (32)
 n - a wand of enslavement (11)
 o - a wand of clouds (4)
 y - a wand of flame (100)
 E - a wand of iceblast (7)
 J - a wand of polymorph (7)
Scrolls
 e - 4 scrolls of fear {!r}
 g - 20 scrolls of remove curse {!r}
 h - 5 scrolls of amnesia {!r}
 i - 2 scrolls of vulnerability {!r}
 j - 6 scrolls of magic mapping {!r}
 r - a scroll of fog {!r}
 t - a scroll of torment {!r}
 A - 4 scrolls of identify {!r}
 B - 2 scrolls of enchant armour {!r}
Books
 d - a manual of Charms
 S - a manual of Short Blades
Miscellaneous
 M - a phial of floods (inert)
 N - a crystal ball of energy
 O - 2 boxes of beasts
 T - a sack of spiders


   Skills:
 - Level 18.0 Fighting
 - Level 8.1 Short Blades
 - Level 18.5 Dodging
 - Level 2.0 Stealth
 + Level 14.4 Shields
 - Level 8.0 Spellcasting
 - Level 8.0 Conjurations
 - Level 8.1 Charms
 - Level 8.0 Air Magic
 - Level 8.0 Invocations
 - Level 8.0 Evocations


You had 6 spell levels left.
You knew the following spells:

 Your Spells              Type           Power        Failure   Level  Hunger
a - Airstrike             Air            #######...   1%          4    N/A
b - Passwall              Tmut/Erth      ##......     3%          2    N/A
c - Deflect Missiles      Chrm/Air       #######...   12%         6    N/A
d - Lightning Bolt        Conj/Air       #######...   2%          5    N/A
e - Shock                 Conj/Air       ####         1%          1    N/A
s - Conjure Ball Lightni  Conj/Air       #######...   12%         6    N/A
w - Summon Lightning Spi  Summ/Air       ######..     4%          4    N/A
z - Swiftness             Chrm/Air       #######.     1%          2    N/A

Your spell library contained the following spells:

 Spells                   Type           Power        Failure   Level  Hunger
 Cause Fear               Hex            ##........   21%         4    N/A
 Magic Dart               Conj           ####         1%          1    N/A
 Bolt of Magma            Conj/Fire/Erth ####......   19%         5    N/A
 Invisibility             Hex            ##......     95%         6    N/A
 Iskenderun's Mystic Bla  Conj           ######..     1%          4    N/A
 Summon Horrible Things   Summ           ##........   100%        8    N/A
 Tukima's Dance           Hex            ##......     6%          3    N/A
 Summon Greater Demon     Summ           ##........   100%        7    N/A
 Corpse Rot               Necr           N/A          3%          2    N/A
 Iron Shot                Conj/Erth      #####.....   50%         6    N/A
 Stone Arrow              Conj/Erth      #####.       1%          3    N/A
 Statue Form              Tmut/Erth      ##.......    95%         6    N/A
 Metabolic Englaciation   Hex/Ice        ##........   45%         5    N/A
 Silence                  Hex/Air        ######....   11%         5    N/A
 Shatter                  Erth           ##........   100%        9    N/A
 Static Discharge         Conj/Air       #######.     1%          3    N/A
 Lee's Rapid Deconstruct  Erth           ##........   45%         5    N/A
 Monstrous Menagerie      Summ           ##........   100%        7    N/A
 Passage of Golubria      Tloc           N/A          21%         4    N/A
 Malign Gateway           Summ/Tloc      ##........   100%        7    N/A
 Tornado                  Air            #######...   100%        9    N/A
 Leda's Liquefaction      Hex/Erth       ##........   21%         4    N/A
 Summon Hydra             Summ           ##........   100%        7    N/A
 Darkness                 Hex            ##........   95%         6    N/A
 Shroud of Golubria       Chrm/Tloc      #####.....   1%          2    N/A
 Inner Flame              Hex/Fire       ##......     6%          3    N/A
 Fulminant Prism          Conj/Hex       #####.....   4%          4    N/A
 Dazzling Spray           Conj/Hex       #####.       1%          3    N/A
 Force Lance              Conj/Tloc      #####...     4%          4    N/A
 Searing Ray              Conj           ######       1%          2    N/A
 Discord                  Hex            ##........   100%        8    N/A
 Summon Forest            Summ/Tloc      ##........   45%         5    N/A
 Hydra Form               Tmut           ##........   95%         6    N/A
 Yara's Violent Unravell  Hex/Tmut       ##........   45%         5    N/A
 Ignition                 Fire           ##........   100%        8    N/A
 Borgnjor's Vile Clutch   Necr/Erth      ###.......   45%         5    N/A

Dungeon Overview and Level Annotations

Branches:
Dungeon (15/15)            Temple (0/1) D:7            Lair (0/6) D:8
    Orc (2/2) D:11            Elf (3/3) Orc:2        Vaults (2/5) D:13
 Depths (5/5) D:15
  Crypt: Vaults:2-3     Zot: Depths:5

Altars:
Dithmenos
Elyvilon
Nemelex Xobeh
Okawaru
Ru
Trog
Wu Jian
Yredelemnul
Beogh

Shops:
D:4 ?   D:12 }   D:14 *   Orc:2 *%:(   Elf:3 [*   Depths:2 }}=   Depths:3 *[}

Portals:
Hell: Depths:1 Depths:2 Depths:3 Depths:4 Depths:5
Abyss: Depths:4
Pandemonium: Orc:2 Depths:1 Depths:3
Ziggurat: Depths:1

Annotations:
Vaults:2 Mennas
Depths:5 1 runed door


Innate Abilities, Weirdness & Mutations

You do not eat or drink.
Your flesh is vulnerable to fire.
You are immune to poison.
Your flesh is cold resistant. (rC+)
You are immune to negative energy. (rN+++)
You are immune to unholy pain and torment.
You can survive without breathing.
You are in touch with the powers of death.


Message History

The water rises up and takes form.
You block Mennas's attack. x2
Something hits your water elemental!! Something hits your water elemental!
You see here 2 arrows.
Mennas blocks your water elemental's attack.
Mennas closely misses your water elemental.
Mennas hits your water elemental with a trishula of holy wrath!
Mennas blocks your water elemental's attack.
Mennas gestures frantically.
You resist with almost no effort.
You see here an arrow.
Mennas gestures frantically.
Mennas is healed somewhat.
Mennas blocks your water elemental's attack.
Mennas hits your water elemental with a trishula of holy wrath!
Your water elemental is destroyed!
Mennas hits something with a trishula of holy wrath! x2
Evoke which item? (* to show all) (? for menu, Esc to quit)
Aiming: Corrosive Bolt
Press: ? - help, Shift-Dir - straight line, f/p - Mennas
Aim: Mennas, wielding a trishula of holy wrath and wearing a transparent large shield (heavily wounded)
The bolt of acid misses Mennas.
Mennas shakes his head sadly.
Mennas hits something with a trishula of holy wrath!!
Mennas hits something with a trishula of holy wrath!
Evoke which item? (* to show all) (? for menu, Esc to quit)
Aiming: Corrosive Bolt
Press: ? - help, Shift-Dir - straight line, f/p - Mennas
Aim: Mennas, wielding a trishula of holy wrath and wearing a transparent large shield (heavily wounded)
The bolt of acid misses Mennas.
Evoke which item? (* to show all) (? for menu, Esc to quit)
Aiming: Corrosive Bolt
Press: ? - help, Shift-Dir - straight line, f/p - Mennas
Aim: Mennas, wielding a trishula of holy wrath and wearing a transparent large shield (heavily wounded)
The bolt of acid misses Mennas.
The now-empty wand crumbles to dust.
Mennas gestures frantically.
Mennas is healed somewhat.
No previous command to re-do.
Evoke which item? (* to show all) (? for menu, Esc to quit)
Aiming: Iceblast
Press: ? - help, Shift-Dir - straight line, f/p - Mennas
Aim: Mennas, wielding a trishula of holy wrath and wearing a transparent large shield (heavily wounded)
The mass of ice explodes!
The iceblast engulfs Mennas.
Mennas is heavily wounded.
Mennas hits you from afar with a trishula of holy wrath!
* * * LOW HITPOINT WARNING * * *
You convulse!
* * * LOW HITPOINT WARNING * * *
Mennas misses you.
Okay, then.
Okay, then.
Unknown command.
Evoke which item? (* to show all) (? for menu, Esc to quit)
You reach into the bag... ...but nothing happens.
Mennas is caught in a moment of prayer.
Mennas hits you from afar with a trishula of holy wrath!
* * * LOW HITPOINT WARNING * * *
You convulse!!
* * * LOW HITPOINT WARNING * * *
You block Mennas's attack.
Evoke which item? (* to show all) (? for menu, Esc to quit)
You reach into the bag... ...but nothing happens.
Mennas hits you but does no damage. You block Mennas's attack.
Mennas hits you from afar with a trishula of holy wrath!
You die...

..........#......#..#.......#..#
###.......#......#).#.......#..#
..###.....#......#..#.....(.#..#
...####...#......#..#####(###..#
..#...##..#......#.............#
##.....#..####'#'#.............#
..#...##.......................#
...####...............#######..#
..###...........@.A(≈.#.....'..#
'####################≈##...##..#
..#..#.....#.#......#≈##...##..#
..#..#.....'.#......#≈#..8..#..#
..(..#######.#......#E##...##..#
###...)......#......#§##...##..#
......#####..####'###§#..8..#..#
#'###.#...#...#.....#§##...##..#
....#.#...#...#.....#§##...##..#


You could see Mennas.

Vanquished Creatures
  Mara (Vaults:2)
  The ghost of Zeury the Slayer, a veteran MiBe of Trog (Elf:2)
  A caustic shrike (Depths:1)
  A golden dragon (Depths:3)
  Nikola (Depths:1)
  A lich (Depths:4)
  A Cloud Mage (WizLab)
  A tentacled monstrosity (Depths:4)
  2 deep elf master archers (Elf:3)
  3 deep elf blademasters
  Asterion (Depths:2)
  Rupert (Orc:2)
  2 tentacled starspawn (Abyss:2)
  A shadow dragon (Depths:3)
  A storm dragon (Depths:3)
  10 fire giants
  7 deep elf sorcerers
  6 frost giants
  2 orc warlords (Depths:3)
  2 iron dragons (Depths:2)
  4 vault wardens
  A ghost moth (shapeshifter) (Depths:1)
  6 ironheart preservers
  3 deep elf elementalists (Elf:3)
  2 spriggan defenders
  17 very ugly things
  5 deep elf demonologists
  13 stone giants
  An entropy weaver (Vaults:1)
  2 vampire knights
  8 deep elf annihilators (Elf:3)
  2 spark wasps (WizLab)
  6 blizzard demons (WizLab)
  A crystal guardian (Vaults:2)
  19 ettins
  7 deep elf death magi (Elf:3)
  A green death (Depths:3)
  3 deep elf high priests
  7 great orbs of eyes
  19 fire dragons
  11 ogre magi
  12 yaktaur captains
  7 spriggan air magi
  8 vault guards
  5 rakshasas
  15 ice dragons
  2 ghost crabs (WizLab)
  3 hydras (D:15)
  10 centaur warriors
  20 two-headed ogres
  38 dancing weapons
  3 death knights
  14 deep troll shamans
  3 death yaks
  A hell hog (Abyss:1)
  16 deep troll earth magi
  6 tengu warriors
  6 orc high priests
  A shock serpent (WizLab)
  5 thrashing horrors
  A sun demon (Orc:2)
  5 spriggan berserkers
  The ghost of kirsanium the Protected, a novice MiFi (D:5)
  8 deep elf knights
  A shadow wraith (Vaults:2)
  2 sixfirhies
  9 hell knights
  3 iron trolls
  11 skeletal warriors
  5 wizards
  33 deep trolls
  A spatial maelstrom (Abyss:4)
  5 death drakes (WizLab)
  3 flayed ghosts
  10 unseen horrors
  2 infernal demonspawn
  An anaconda zombie (Abyss:4)
  2 gelid demonspawn (Orc:2)
  4 glowing orange brains
  7 starcursed masses
  A phantasmal warrior (Vaults:2)
  2 ironbrand convokers (Vaults:2)
  11 deep elf archers
  3 necromancers
  39 deep elf magi
  A manticore (D:15)
  A wolf spider (shapeshifter) (Depths:1)
  55 ugly things
  11 orc sorcerers
  18 orc knights
  A salamander (shapeshifter) (Depths:3)
  A harpy (shapeshifter) (Abyss:3)
  8 cyclopes
  2 worldbinders
  4 large abominations
  A manticore (shapeshifter) (Depths:3)
  2 guardian serpents
  8 apocalypse crabs (WizLab)
  8 gargoyles
  4 vault sentinels
  3 orange demons
  3 spectral swamp worms (Depths:4)
  A spiny frog (shapeshifter) (Depths:2)
  A komodo dragon (D:12)
  2 kobold demonologists
  6 freezing wraiths
  28 yaktaurs
  3 efreet
  2 ice devils
  A demonic crawler (Abyss:2)
  A hellwing (Abyss:2)
  2 ancient zymes
  6 trolls
  A red devil (Orc:2)
  A jumping spider (shapeshifter) (Vaults:2)
  4 tengu conjurers
  8 hornets
  5 meliai (D:15)
  2 raiju (Abyss:2)
  37 slime creatures
  2 wind drakes (WizLab)
  A snapping turtle (shapeshifter) (Vaults:2)
  A harpy skeleton (D:15)
  A hippogriff (shapeshifter) (Depths:2)
  A meliai zombie (D:15)
  3 hippogriffs
  12 air elementals
  2 redbacks (Vaults:1)
  3 spriggans
  3 flying skulls (Abyss:3)
  Sigmund (D:4)
  A redback (shapeshifter) (Depths:2)
  A vampire (D:13)
  9 water elementals
  A shadow (D:12)
  A ynoxinul (Abyss:2)
  A tarantella (Vaults:1)
  2 wyverns
  12 yaks
  5 wraiths
  A fire elemental (Elf:1)
  4 golden eyes (Abyss:2)
  4 hungry ghosts
  A neqoxec (Orc:2)
  5 vampire mosquitoes (D:15)
  3 chaos spawn
  3 acid dragons
  3 wargs
  2 soldier ants (D:11)
  2 water moccasins (D:10)
  A porcupine (D:8)
  42 orc warriors
  2 black bears (D:9)
  9 sky beasts
  2 eyes of draining (D:12)
  8 ice beasts
  17 boggarts
  A necrophage (D:10)
  A fire dragon simulacrum (Abyss:4)
  An eye of draining (shapeshifter) (Depths:4)
  6 phantoms
  24 ogres
  14 centaurs
  A crocodile (D:12)
  5 big kobolds
  12 bullfrogs
  2 wyvern zombies
  An earth elemental (Elf:1)
  11 small abominations
  3 scorpions
  5 killer bees (D:7)
  2 howler monkeys
  23 wights
  An electric eel (D:15)
  12 crimson imps
  2 jellies
  2 quasits
  6 centaur zombies
  4 hounds
  3 iron imps
  5 centaur skeletons
  21 orc priests
  A bullfrog skeleton (D:9)
  25 orc wizards
  Crazy Yiuf (D:7)
  5 iguanas
  2 hell rats (D:8)
  14 worker ants
  A killer bee zombie (D:5)
  2 human simulacra
  A hound zombie (D:5)
  2 hound skeletons
  2 howler monkey zombies
  16 adders
  7 shadow imps
  A white imp (Depths:3)
  3 ufetubi
  3 oozes
  2 adder zombies
  A worm (shapeshifter) (Depths:2)
  A worm (D:2)
  3 dart slugs
  6 leopard geckos
  98 orcs
  8 bats
  5 giant cockroaches
  16 goblins
  5 hobgoblins
  14 jackals
  5 quokkas
  A ball python (D:1)
  8 frilled lizards
  A giant cockroach zombie (D:5)
  2 jackal skeletons
  31 kobolds
  A leopard gecko skeleton (D:8)
  12 rats
  A plant (Depths:2)
  A starspawn tentacle (Abyss:3)
1419 creatures vanquished.

Vanquished Creatures (collateral kills)
  A deep elf blademaster (Elf:2)
  A titan (Depths:3)
2 creatures vanquished.

Vanquished Creatures (others)
  A stone giant (Depths:2)
  A vampire knight (Depths:4)
  A yaktaur captain (Vaults:1)
  64 ball lightnings
  An ugly thing (Depths:4)
  3 yaktaurs
  An air elemental (WizLab)
  A bullfrog (D:12)
  A human simulacrum (D:12)
  An ufetubus (Abyss:2)
  An orc (D:12)
  A lurking horror (Abyss:3)
  92 plants
  18 starspawn tentacles
  2 withered plants (Elf:2)
189 creatures vanquished.

Grand Total: 1610 creatures vanquished

Notes
Turn   | Place    | Note
-------+----------+-------------------------------------------
     0 | D:1      | Amnesiac the Mummy Air Elementalist began the quest for the Orb.
     0 | D:1      | Reached XP level 1. HP: 13/13 MP: 4/4
   228 | D:1      | Reached skill level 1 in Conjurations
   245 | D:1      | Reached XP level 2. HP: 12/19 MP: 0/5
   250 | D:1      | Learned a level 2 spell: Swiftness
   535 | D:2      | Reached XP level 3. HP: 5/24 MP: 0/7
  1149 | D:3      | Reached XP level 4. HP: 30/30 MP: 4/8
  1155 | D:3      | Learned a level 4 spell: Airstrike
  1542 | D:4      | Reached XP level 5. HP: 35/35 MP: 3/9
  1616 | D:5      | Entered Level 5 of the Dungeon
  1622 | D:4      | Found Heapa's Magic Scroll Emporium.
  1625 | D:4      | Noticed a phantom
  2021 | D:4      | Noticed Sigmund
  2048 | D:4      | Killed Sigmund
  2048 | D:4      | Reached XP level 6. HP: 17/41 MP: 1/12
  2246 | D:4      | Learned a level 5 spell: Lightning Bolt
  2679 | D:5      | Found a runed door.
  2680 | D:5      | Found a basalt altar of Yredelemnul.
  2684 | D:5      | Noticed kirsanium's ghost (novice MiFi)
  2718 | D:5      | Reached XP level 7. HP: 46/46 MP: 8/13
  3683 | D:5      | Reached skill level 5 in Spellcasting
  3799 | D:5      | Reached skill level 5 in Conjurations
  3799 | D:5      | Reached skill level 5 in Air Magic
  3979 | D:5      | Reached XP level 8. HP: 44/52 MP: 15/15
  5626 | D:6      | Found a shadowy altar of Dithmenos.
  5679 | D:6      | Reached XP level 9. HP: 57/57 MP: 18/18
  5910 | D:6      | Became a worshipper of Dithmenos the Shadowed
  6526 | D:2      | Reached * piety under Dithmenos
  7421 | D:5      | Killed kirsanium's ghost
  7431 | D:5      | Reached ** piety under Dithmenos
  7875 | D:7      | Found a sparkling altar of Nemelex Xobeh.
  8169 | D:7      | Found a basalt altar of Yredelemnul.
  8264 | D:7      | Found a runed door.
  8562 | D:7      | Found a staircase to the Ecumenical Temple.
  8764 | D:7      | Found a white marble altar of Elyvilon.
  8973 | D:7      | Noticed Crazy Yiuf
  8975 | D:7      | Killed Crazy Yiuf
  9098 | D:8      | Reached XP level 10. HP: 63/63 MP: 21/21
  9184 | D:8      | Noticed a death yak
  9220 | D:7      | Killed a death yak
  9368 | D:8      | Noticed a death yak
  9372 | D:8      | Noticed a death yak
  9378 | D:7      | Killed a death yak
  9677 | D:8      | Reached *** piety under Dithmenos
  9949 | D:8      | Killed a death yak
  9949 | D:8      | Reached skill level 5 in Dodging
 10106 | D:8      | Found a staircase to the Lair.
 10196 | D:8      | You fall through a shaft for 3 floors!
 10250 | D:11     | Found a staircase to the Orcish Mines.
 10505 | D:11     | Noticed a cyclops
 10692 | D:10     | Entered Level 10 of the Dungeon
 10783 | D:10     | Noticed a gargoyle
 10788 | D:10     | Killed a gargoyle
 10788 | D:10     | Reached skill level 5 in Fighting
 10788 | D:10     | Reached XP level 11. HP: 64/79 MP: 18/23
 11353 | D:8      | Reached **** piety under Dithmenos
 11412 | D:9      | Found a bloodstained altar of Trog.
 11581 | D:9      | Found an ornate altar of the Wu Jian Council.
 11674 | D:9      | Got a faintly glowing ivory ring
 13495 | D:11     | Noticed an unseen horror
 13531 | D:11     | Killed an unseen horror
 13994 | D:11     | Reached ***** piety under Dithmenos
 14118 | D:11     | Reached skill level 1 in Invocations
 14309 | D:11     | Reached skill level 1 in Evocations
 14345 | Orc:1    | Entered Level 1 of the Orcish Mines
 14373 | Orc:1    | Noticed a two-headed ogre
 14377 | Orc:1    | Killed a two-headed ogre
 14616 | Orc:1    | Noticed an orc high priest
 14803 | Orc:1    | Killed an orc high priest
 15041 | Orc:2    | Entered Level 2 of the Orcish Mines
 15041 | Orc:2    | Found a roughly hewn altar of Beogh.
 15051 | Orc:2    | Noticed an orc knight
 15069 | Orc:2    | Noticed an orc sorcerer
 15077 | Orc:2    | Reached XP level 12. HP: 64/92 MP: 21/24
 15374 | Orc:2    | Identified the ring "Gyosep" {Wiz rPois MR+ Slay+2 SInv} (You took it off a centaur on level 9 of the Dungeon)
 16087 | Orc:2    | Noticed Rupert
 16110 | Orc:2    | Killed Rupert
 16110 | Orc:2    | Reached skill level 5 in Invocations
 16367 | Orc:2    | Found a staircase to the Elven Halls.
 16391 | Orc:2    | Reached skill level 5 in Evocations
 16580 | Orc:2    | Found Reggo's General Store.
 16942 | Orc:2    | Found Xaisas's Food Emporium.
 17431 | Orc:2    | Noticed an orc high priest
 17442 | Orc:2    | Killed an orc high priest
 17444 | Orc:2    | Noticed an orc high priest
 17445 | Orc:2    | Killed an orc high priest
 17455 | Orc:2    | Noticed an orc high priest
 17983 | Orc:2    | Noticed an orc high priest
 17994 | Orc:2    | Killed an orc high priest
 18010 | Orc:2    | Noticed an orc high priest
 18012 | Orc:2    | Killed an orc high priest
 18108 | Orc:2    | Killed an orc high priest
 18108 | Orc:2    | Gained mutation: You are in touch with the powers of death. [Mummy growth]
 18108 | Orc:2    | Reached XP level 13. HP: 98/98 MP: 22/25
 18188 | Orc:2    | Reached ****** piety under Dithmenos
 18396 | Orc:2    | Found Ebaikkua's Antique Weapon Shop.
 18396 | Orc:2    | Found a one-way gate leading to the halls of Pandemonium.
 18396 | Orc:2    | Found Icveliag's Book Boutique.
 19692 | D:12     | Found Zischero's Gadget Shoppe.
 21056 | D:13     | Reached skill level 10 in Dodging
 22255 | D:13     | Got a pitted dagger {flame}
 22320 | D:13     | Identified the +4 dagger of Diurph {flame, *Noise +Rage rF- Dex+8} (You took it off a wight on level 13 of the Dungeon)
 22440 | D:13     | Reached XP level 14. HP: 109/109 MP: 26/26
 22663 | D:13     | Reached skill level 10 in Fighting
 22741 | D:13     | Reached skill level 1 in Shields
 22867 | D:13     | Found a gate to the Vaults.
 23354 | D:14     | Found Loyreosym's Assorted Antiques.
 23780 | D:14     | Found a sacrificial altar of Ru.
 23812 | D:15     | Entered Level 15 of the Dungeon
 23924 | D:15     | Noticed a frost giant
 24106 | D:14     | Killed a frost giant
 26205 | D:15     | Found a staircase to the Depths.
 27029 | Elf:1    | Entered Level 1 of the Elven Halls
 27048 | Elf:1    | Reached XP level 15. HP: 119/119 MP: 26/27
 27328 | Elf:1    | Got an uncursed pitted flail {elec}
 28489 | Elf:1    | Identified the +3 flail "Worm's Wrath" {elec, Fragile +Rage Int+5} (You took it off a deep elf archer on level 1 of the Elven Halls)
 29864 | Elf:2    | Got a smoking helmet
 29871 | Elf:2    | Identified the +0 helmet of Upruavil {Int+2} (You found it on level 2 of the Elven Halls)
 30043 | Elf:2    | Noticed a deep elf sorcerer
 30045 | Elf:2    | Killed a deep elf sorcerer
 30303 | Elf:2    | Found a runed door.
 30311 | Elf:2    | Noticed Zeury's ghost (veteran MiBe)
 30337 | Elf:2    | Found a runed gate.
 30337 | Elf:2    | Found a runed gate.
 30345 | Elf:2    | Found a runed gate.
 30842 | Elf:2    | Killed Zeury's ghost
 31571 | Elf:2    | Noticed a deep elf blademaster
 32114 | Elf:2    | Reached XP level 16. HP: 129/129 MP: 28/28
 32746 | Elf:2    | HP: 4/131 [deep elf blademaster/rapier (7)]
 32753 | Elf:2    | Killed a deep elf blademaster
 33235 | Elf:3    | Identified a paperback manual
 33235 | Elf:3    | Entered Level 3 of the Elven Halls
 33357 | Elf:3    | Found a magical portal.
 33373 | WizLab   | Entered The Chambers of the Cloud Mage
 34006 | WizLab   | Reached skill level 15 in Dodging
 35412 | WizLab   | Noticed Xopipper
 35498 | WizLab   | Killed Xopipper the Cloud Mage
 35807 | WizLab   | Got a slimy ring mail
 35814 | WizLab   | Identified the Compendium of Protection and Stones
 35820 | WizLab   | Identified Yguazurgh's Tome of Weightlessness
 35833 | WizLab   | Identified a +2 pair of boots of running (You found it in a wizard's laboratory)
 35843 | WizLab   | Identified a +0 pair of boots of running (You found it in a wizard's laboratory)
 35865 | WizLab   | Identified the +9 ring mail "Gyiseigept" {Int+8 Slay-6} (You found it in a wizard's laboratory)
 36034 | Elf:3    | Found Cuidy's Commerce Corner.
 36284 | Elf:3    | Learned a level 4 spell: Summon Lightning Spire
 36291 | Elf:3    | Learned a level 6 spell: Conjure Ball Lightning
 36406 | Elf:3    | Found Wylinot's Antique Armour Shoppe.
 36414 | Elf:3    | Bought an embroidered robe for 92 gold pieces
 36532 | Elf:3    | Noticed a deep elf master archer
 36534 | Elf:3    | Killed a deep elf master archer
 36715 | Elf:3    | Noticed a deep elf blademaster
 36719 | Elf:3    | Killed a deep elf blademaster
 36926 | Elf:3    | Noticed a deep elf blademaster
 37093 | Elf:2    | Killed a deep elf blademaster
 37093 | Elf:2    | Reached XP level 17. HP: 119/140 MP: 5/29
 38254 | Elf:3    | Noticed a deep elf master archer
 38472 | Elf:3    | Killed a deep elf master archer
 39254 | Elf:3    | Got a dazzling whip
 39286 | Elf:3    | Got a crude leather armour
 39305 | Elf:3    | Identified the cursed +0 whip of Yxe Vudi {vamp, rElec rPois rN+ MR-} (You found it on level 3 of the Elven Halls)
 39308 | Elf:3    | Identified the +1 leather armour of the Seven Lies {-Cast MR+++ Str+3 Int+2} (You found it on level 3 of the Elven Halls)
 39666 | Depths:1 | Entered Level 1 of the Depths
 39666 | Depths:1 | Found a gateway to a ziggurat.
 39826 | Depths:1 | Reached skill level 15 in Fighting
 42081 | Depths:2 | Found a gateway to Hell.
 42457 | Depths:1 | Noticed Nikola
 42469 | Depths:1 | Killed Nikola
 43169 | Depths:1 | Noticed a caustic shrike
 43181 | Depths:1 | Killed a caustic shrike
 44194 | Depths:1 | Reached XP level 18. HP: 151/151 MP: 0/30
 45406 | Depths:1 | Identified the Compendium of Hexes
 45426 | Depths:1 | Learned a level 2 spell: Passwall
 45714 | Elf:3    | Got a smoking granite ring
 45722 | Elf:3    | Got a steaming hand crossbow
 45819 | Elf:3    | Identified the +7 hand crossbow of Supply {speed, +Fly rElec MR++ Str-3} (You found it on level 3 of the Elven Halls)
 45821 | Elf:3    | Identified the ring of the Illusory Souls {+Fly MP+9 Str+4 Int+3 Stlth+} (You found it on level 3 of the Elven Halls)
 46307 | Depths:2 | Noticed Asterion
 47329 | Depths:2 | Killed Asterion
 48324 | Depths:2 | Found Booheghi's Jewellery Shoppe.
 48324 | Depths:2 | Found Duhuaho's Gadget Boutique.
 48325 | Depths:2 | Found Foj Kid's Gadget Boutique.
 49786 | Depths:2 | Reached XP level 19. HP: 133/162 MP: 24/31
 51074 | Depths:3 | Reached skill level 5 in Shields
 51143 | Depths:3 | Identified a scroll of acquirement {!r}
 51593 | Depths:3 | Found Zybaish's Armour Shop.
 51593 | Depths:3 | Found Itoman's General Store.
 52555 | Depths:3 | Found Kuihygos's Gadget Emporium.
 52833 | Depths:3 | Found an iron altar of Okawaru.
 53423 | Depths:3 | Got an uncursed transparent great sword {freeze}
 53571 | Depths:3 | Got a shimmering leather armour
 53843 | Depths:3 | Identified the +2 great sword "Daamom" {freeze, rElec Str+4 SInv} (You took it off a yaktaur captain on level 3 of the Depths)
 53855 | Depths:3 | Identified the +5 leather armour of Tanyullu {Str+6 Dex+2} (You took it off a deep elf knight on level 3 of the Depths)
 53871 | Depths:3 | Got a sapphire-encrusted scale mail
 53882 | Depths:3 | Identified the cursed +0 scale mail "Mosavasm" {rElec rCorr Dex+3} (You found it on level 3 of the Depths)
 53954 | Depths:3 | Got a pair of encrusted boots
 53969 | Depths:3 | Identified the +1 pair of boots of Popsopra {rPois Int+4 Dex+2} (You found it on level 3 of the Depths)
 54102 | Depths:4 | Noticed a lich
 54435 | Depths:5 | Entered Level 5 of the Depths
 54451 | Depths:4 | Noticed a golden dragon
 54845 | Depths:4 | HP: 6/163 [fire dragon/blast of flame (66)]
 55086 | D:4      | Bought a scroll of teleportation for 36 gold pieces
 55086 | D:4      | Bought a scroll of teleportation for 36 gold pieces
 55086 | D:4      | Bought 3 scrolls of teleportation for 108 gold pieces
 55086 | D:4      | Bought a scroll of magic mapping for 42 gold pieces
 55249 | Orc:2    | Bought a book of Enchantments for 750 gold pieces
 55256 | Orc:2    | Learned a level 6 spell: Deflect Missiles
 55382 | Elf:3    | Bought a manual of Charms for 1987 gold pieces
 55742 | Depths:4 | Reached skill level 1 in Charms
 56003 | Depths:4 | Killed a lich
 56003 | Depths:4 | Reached skill level 5 in Charms
 56792 | Depths:3 | Reached XP level 20. HP: 156/170 MP: 30/32
 57381 | Depths:3 | Killed a golden dragon
 57381 | Depths:3 | Reached skill level 10 in Shields
 58866 | Depths:4 | Found a one-way gate to the infinite horrors of the Abyss.
 59660 | Depths:5 | Noticed a golden dragon
 60291 | Depths:5 | Found a runed gate.
 61475 | Depths:4 | Voluntarily entered the Abyss.
 61669 | Abyss:1  | Reached skill level 1 in Short Blades
 61762 | Abyss:2  | Found a corrupted altar of Lugonu.
 62405 | Abyss:3  | Found a corrupted altar of Lugonu.
 62421 | Abyss:3  | Found a corrupted altar of Lugonu.
 62479 | Abyss:3  | Reached skill level 5 in Short Blades
 62852 | Abyss:3  | Found a corrupted altar of Lugonu.
 62942 | Abyss:3  | Found a corrupted altar of Lugonu.
 63186 | Abyss:3  | Found a corrupted altar of Lugonu.
 63566 | Abyss:4  | Got an abyssal rune of Zot
 63638 | Abyss:4  | Found a corrupted altar of Lugonu.
 63664 | Depths:4 | Escaped the Abyss
 63972 | Vaults:1 | Entered Level 1 of the Vaults
 65306 | Vaults:1 | Reached XP level 21. HP: 123/177 MP: 0/33
 66354 | Vaults:2 | Noticed Mara
 66374 | Vaults:2 | Noticed Amnesiac's illusion
 66378 | Vaults:2 | Killed Mara
 68541 | Vaults:2 | Noticed Mennas
 69623 | Vaults:2 | Slain by Mennas

Vault maps used:
D:1:      scummos_arrival_star, minmay_misc_feat_doors
D:3:      wad_pebble_path
D:4:      serial_shops, shop, first_ration, uniq_sigmund
D:5:      basic_altar, ebering_ghost_sewer_d
D:6:      kennysheep_little_box
D:7:      kennysheep_ying_yang, lemuel_doored_altar,
          minmay_temple_entry_enclosed_plants, uniq_crazy_yiuf_cottage
D:8:      dpeg_lair_monsters
D:9:      trog_ov_bears_minmay, kennysheep_mini_moat
D:11:     orc_david_3, hangedman_pestilent_swarm
D:12:     serial_shops, nicolae_shop_temple_entry_statues_fountains,
          bh_circular_ruins
D:13:     grunt_vaults_entry_fortified
D:14:     serial_shops, shop, hangedman_decor_opposing,
          nicolae_ru_the_path_less_chosen
D:15:     grunt_enter_depths_snipers, serial_bayou, serial_bayou_lagoon_a,
          serial_bayou_lagoon_b, serial_bayou_pond_c, serial_bayou_crossing,
          serial_bayou_shore_b, columned_hall_lemuel
Orc:2:    pf_orc_diabolical, basic_altar, uniq_rupert
Elf:1:    minivault_28, grunt_megastairs_3
Elf:2:    gammafunk_ghost_grave
Elf:3:    elf_hall, infiniplex_enter_wizlab_glasses, serial_shops, shop,
          grunt_ministairs_1, nicolae_alphabet_shops, due_unseen_surprise
Vaults:1: grunt_vaults_swirl, vaults_room_grunt_arrival_ludios,
          nicolae_vaults_gold_heap, nicolae_vaults_little_squares_6,
          grunt_vaults_hallway_long, nicolae_vaults_angled_halls,
          nicolae_vaults_rhombus_6, hangedman_vaults_nails, v_misc_5,
          hangedman_vaults_restitches, vaults_room_grid
Vaults:2: hangedman_vaults_restitches, vaults_mumra_hexcomb, v_rooms_1,
          nicolae_vaults_shelves_hall, v_misc_15, nicolae_vaults_three_branches,
          nicolae_vaults_little_squares_3, vaults_room_pools,
          nicolae_vaults_little_squares_1, nicolae_vaults_holding_cells,
          vaults_dpeg_spiral, nicolae_vaults_little_squares_2,
          grunt_vaults_hallway_short, uniq_margery, uniq_mennas, uniq_mara
Depths:1: enter_ziggurat_a, hangedman_abyss_or_decor_passed, hell_entry,
          grunt_pan_entry_in_and_out, minmay_pinched_square,
          kennysheep_random_hallway, uniq_nikola
Depths:2: kennysheep_snake, grunt_decor_arrowhead, hell_entry,
          infiniplex_staircase_pool_2, serial_bayou_shore_a, minmay_shop_grove,
          grunt_megastairs_2, uniq_asterion
Depths:3: evilmike_iron_armoury, pf_vacation_house_of_asmodeus,
          grunt_pan_entry_zigzag, infiniplex_staircase_zigzag_1, serial_shops,
          shop, minmay_shoptagon
Depths:4: wad_guarded_room, serial_glass, glass_columns_a, glass_columns_b,
          abyss_entry, hell_entry
Depths:5: grunt_zot_entry_hairpin, serial_shops, bzr_firewalk, shop, shop, shop,
          nicolae_shop_crystal, minmay_misc_feat_tiny,
          abyss_entry_small_statue_room, ebering_ghost_gozag, pan_entry,
          pf_hell_entry_tar_river
Abyss:3:  hangedman_abyss_stitches_cave, hangedman_abyss_overflow_altar,
          nicolae_abyss_rune_left_handed
Abyss:4:  evilmike_abyss_rune_tso_outpost, grunt_abyss_exit_deep_breaths
WizLab:   wizlab_cloud

Skill      XL: |  1  2  3  4  5  6  7  8  9 10 11 12 13 14 15 16 17 18 19 20 21 |
---------------+----------------------------------------------------------------+-----
Conjurations   | 1 2 3 4 5 6 7 8 |  8.0
Spellcasting   | 3 4 5 6 7 8 |  8.0
Air Magic      | 3 4 5 6 7 8 |  8.0
Fighting       | 5 8 9 11 12 14 16 17 18 | 18.0
Dodging        | 6 8 10 12 14 16 17 18 | 18.5
Invocations    | 3 7 8 |  8.0
Evocations     | 2 7 8 |  8.0
Shields        | 4 9 12 14 | 14.4
Charms         | 7 8 |  8.1
Short Blades   | 8 |  8.1
Stealth        | 2 |  2.0

Action                   |  1- 3 |  4- 6 |  7- 9 | 10-12 | 13-15 | 16-18 | 19-21 || total
-------------------------+-------+-------+-------+-------+-------+-------+-------++-------
Melee: Short sword       |    11 |       |       |       |       |       |       ||    11
       Dagger            |    17 |     8 |       |       |       |       |       ||    25
       Staff             |       |       |    42 |     4 |    32 |    76 |   114 ||   268
       Quick blade       |       |       |       |       |       |       |   590 ||   590
 Cast: Shock             |    39 |    86 |    58 |   159 |   244 |   128 |   234 ||   948
       Airstrike         |       |     1 |   192 |   353 |   454 |   377 |   371 ||  1748
       Lightning Bolt    |       |       |       |    60 |   140 |   271 |   240 ||   711
       Swiftness         |       |       |       |       |     3 |     1 |     4 ||     8
       Passwall          |       |       |       |       |       |     2 |    19 ||    21
       Summon Lightning  |       |       |       |       |       |     1 |       ||     1
       Conjure Ball Ligh |       |       |       |       |       |       |    30 ||    30
       Deflect Missiles  |       |       |       |       |       |       |     4 ||     4
Invok: Shadow Form       |       |       |       |       |       |     1 |       ||     1
 Abil: Evoke Invisibilit |       |       |       |       |       |     5 |     1 ||     6
Evoke: Wand              |       |       |       |       |     9 |     7 |    23 ||    39
       Phantom mirror    |       |       |       |       |     1 |       |       ||     1
       Phial of floods   |       |       |       |       |       |     2 |     2 ||     4
       Sack of spiders   |       |       |       |       |       |       |     2 ||     2
  Use: Scroll            |       |     5 |     2 |     1 |    16 |    19 |    16 ||    59
 Stab: Confused          |       |       |       |       |       |       |     1 ||     1
       Distracted        |       |       |       |       |       |       |     1 ||     1
Armor: Robe              |     6 |    19 |    32 |    19 |    33 |     5 |       ||   114
       Ring mail         |       |       |       |       |       |    77 |   213 ||   290
       Leather armour    |       |       |       |       |       |       |     2 ||     2
Dodge: Dodged            |    24 |    33 |    97 |   131 |   232 |   324 |   827 ||  1668
       Deflected         |       |       |       |       |       |       |    55 ||    55
Block: Buckler           |       |       |       |       |    28 |    99 |    23 ||   150
       Shield            |       |       |       |       |       |       |   719 ||   719
       Reflection        |       |       |       |       |       |       |    42 ||    42

Table legend:
 A = Non-vault XP
 B = Vault XP
 C = Vault XP percentage of total XP
 D = Non-vault monster count
 E = Vault monster count
 F = Vault count percentage of total count
 G = Total turns spent on level
                 A         B        C        D         E       F
            +---------+---------+-------+---------+---------+-------
      Total |  346293 |  293460 |  45.9 |    1011 |     416 |  29.2
            +---------+---------+-------+---------+---------+-------
        D:1 |      34 |       0 |   0.0 |      21 |       0 |   0.0
        D:2 |      79 |       0 |   0.0 |      26 |       0 |   0.0
        D:3 |     159 |       0 |   0.0 |      30 |       0 |   0.0
        D:4 |     336 |     223 |  39.9 |      27 |       1 |   3.6
        D:5 |    1362 |     920 |  40.3 |      37 |       4 |   9.8
        D:6 |    1004 |       0 |   0.0 |      23 |       0 |   0.0
        D:7 |    1325 |    1815 |  57.8 |      27 |       3 |  10.0
        D:8 |    1567 |    1058 |  40.3 |      24 |       7 |  22.6
        D:9 |    1772 |     257 |  12.7 |      27 |       2 |   6.9
       D:10 |    2393 |       0 |   0.0 |      17 |       0 |   0.0
       D:11 |    3542 |    1295 |  26.8 |      33 |      12 |  26.7
       D:12 |   12385 |      16 |   0.1 |      55 |       1 |   1.8
       D:13 |    6985 |    5772 |  45.2 |      39 |      10 |  20.4
       D:14 |    5334 |    1431 |  21.2 |      21 |       1 |   4.5
       D:15 |   28293 |    1536 |   5.1 |      87 |       3 |   3.3
      Orc:1 |    2850 |       0 |   0.0 |      12 |       0 |   0.0
      Orc:2 |    4610 |   16998 |  78.7 |      55 |      60 |  52.2
      Elf:1 |   12664 |    7982 |  38.7 |      24 |      13 |  35.1
      Elf:2 |   16411 |   29201 |  64.0 |      27 |      34 |  55.7
      Elf:3 |    9617 |   45260 |  82.5 |      14 |      37 |  72.5
   Vaults:1 |   19743 |   21921 |  52.6 |      50 |      38 |  43.2
   Vaults:2 |   23612 |   24008 |  50.4 |      45 |      30 |  40.0
   Depths:1 |   31042 |   26862 |  46.4 |      49 |      23 |  31.9
   Depths:2 |   26214 |   44315 |  62.8 |      43 |      47 |  52.2
   Depths:3 |   55281 |   24616 |  30.8 |      63 |      32 |  33.7
   Depths:4 |   51790 |   12508 |  19.5 |      68 |      16 |  19.0
   Depths:5 |    3893 |       0 |   0.0 |       4 |       0 |   0.0
    Abyss:1 |    2678 |       0 |   0.0 |       8 |       0 |   0.0
    Abyss:2 |   10594 |       0 |   0.0 |      24 |       0 |   0.0
    Abyss:3 |    5577 |     852 |  13.3 |      19 |       1 |   5.0
    Abyss:4 |    3147 |     448 |  12.5 |      12 |       1 |   7.7
     WizLab |       0 |   24166 | 100.0 |       0 |      40 | 100.0
            +---------+---------+-------+---------+---------+-------
